 Dungeon Crawl Stone Soup version 0.22-a0-293-gc9362ec (webtiles) character file.

4867 nikopol the Thaumaturge (level 10, -13/52 HPs)
             Began as a Deep Elf Fire Elementalist on Mar 23, 2018.
             Was a Priest of Vehumet.
             Mangled by a reaper
             ... wielding a +1 scythe of flaming
             ... created by a Zot trap
              (43 damage)
             ... in a bailey on Mar 24, 2018.
             The game lasted 00:35:19 (7938 turns).

nikopol the Thaumaturge (DEFE)                      Turns: 7938, Time: 00:35:20

Health: -13/52     AC:  3    Str:  5    XL:     10   Next: 26%
Magic:  24/36      EV: 14    Int: 24    God:    Vehumet [***...]
Gold:   477        SH:  0    Dex: 19    Spells: 15/32 levels left

rFire    . . .     SeeInvis .   l - +5 dagger (flame)
rCold    . . .     Gourm    +   (no shield)
rNeg     . . .     Faith    .   a - +0 robe
rPois    .         Spirit   .   x - +0 helmet
rElec    .         Reflect  .   (no cloak)
rCorr    .         Harm     .   (no gloves)
MR       +....                  (no boots)
Stlth    +++.......             g - amulet of the gourmand
HPRegen  0.17/turn              o - ring of magical power
MPRegen  0.25/turn              v - +4 ring of dexterity

@: no status effects
A: no striking features
a: Renounce Religion


You were in a bailey.
You worshipped Vehumet.
Vehumet was most pleased with you.
You were completely stuffed.

You visited 1 branch of the dungeon, and saw 8 of its levels.
You also visited: Bailey.

You collected 477 gold pieces.

Inventory:

Hand Weapons
 l - a +5 dagger of flaming (weapon)
Armour
 a - a +0 robe (worn)
 x - a +0 helmet (worn)
Jewellery
 g - an amulet of the gourmand (around neck)
 o - a ring of magical power (left hand)
 v - a +4 ring of dexterity (right hand)
Wands
 s - a wand of disintegration (21)
Scrolls
 b - 2 scrolls of teleportation
 i - 2 scrolls of enchant weapon
 p - a scroll of fear
 q - a scroll of immolation
 u - 2 scrolls of remove curse
Potions
 d - 3 potions of invisibility
 e - 2 potions of magic
 f - 2 potions of heal wounds
 h - a potion of curing {unknown}
 j - 3 potions of agility {unknown}
 k - a potion of resistance
 m - 2 potions of degeneration {unknown}
 t - a potion of ambrosia {unknown}
 z - a potion of mutation {unknown}
Comestibles
 c - 20 rations
 n - 3 chunks of flesh


   Skills:
 + Level 1.2 Fighting
 + Level 3.5 Dodging
 + Level 4.0 Stealth
 + Level 11.8 Spellcasting
 + Level 8.8 Conjurations
 + Level 9.8 Fire Magic


You had 15 spell levels left.
You knew the following spells:

 Your Spells              Type           Power        Failure   Level  Hunger
a - Flame Tongue          Conj/Fire      #####        1%          1    None
b - Throw Flame           Conj/Fire      ######       1%          2    None
c - Conjure Flame         Conj/Fire      ######..     1%          3    None
d - Sticky Flame          Conj/Fire      ######..     1%          4    None
e - Fireball              Conj/Fire      ######....   1%          5    ###....
f - Throw Frost           Conj/Ice       #####.       1%          2    None


Dungeon Overview and Level Annotations

Branches:
Dungeon (8/15)             Temple (0/1) D:5
   Lair: D:8-11

Altars:
Cheibriados
Gozag
Hepliaklqana
Makhleb
Okawaru
Ru
Vehumet

Annotations:
D:3 Gildeon's ghost, weakling DgFi


Message History

The sticky flame hits the smoke demon.
The smoke demon completely resists.
The smoke demon is lightly wounded.
The smoke demon is engulfed in blazing flames.
The smoke demon closely misses you. x2; The smoke demon completely misses you.
Do you really want to walk into the Zot trap? (Confirm with "yes".)
You enter the Zot trap.
You sense a hostile presence.
A reaper comes into view. It is wielding a scythe of flaming.
The smoke demon is engulfed in blazing flames.
The ynoxinul gestures.
Found a gate leading back out of this place.
There is a Zot trap here.
The power of Zot is invoked against you!
The orc warrior is recalled.
The ufetubus is recalled.
The hobgoblin is recalled.
The ufetubus is engulfed in blazing flames.
You kill the ufetubus!
The ynoxinul gestures.
The reaper hits you with a scythe of flaming!!!
Ouch! That really hurt!
You die...

.8. ..# ####... #'#
#..... #.# #.... #.#
#''#### #.#
#.....##...)# #.# #
'.).).##....#'##2##'#.≈≈
)..⌠..##.._.#og.@.5.#∩≈≈
'.).).##....#'##3##'#.≈≈
#)....##....#g.#5#
#''#####....#..#5#
#......#....#%%#3#
#....).#..).# #5#
####...))..#####5######
...#.8.8.8.'...).#....#
...#.......#.....#....#


You could see a reaper, a smoke demon, a ynoxinul, an orc warrior, 5 ufetubi and
a hobgoblin.

Vanquished Creatures
  An orc knight (Bailey)
  2 kobold demonologists (Bailey)
  A hippogriff (D:7)
  4 hogs (D:7)
  A human (D:7)
  Duvessa (D:4)
  12 orc warriors
  A black bear (D:8)
  A phantom (D:7)
  3 ogres
  2 centaurs (D:5)
  A bullfrog (D:7)
  Dowan (D:4)
  A scorpion (D:7)
  2 howler monkeys
  3 electric eels (Bailey)
  7 orc priests
  2 centaur skeletons
  An iguana (D:7)
  6 orc wizards
  5 worker ants
  A hound skeleton (D:7)
  6 adders
  6 gnolls (Bailey)
  A shadow imp (D:7)
  An ooze (D:1)
  3 adder skeletons
  2 worms
  5 dart slugs
  6 leopard geckos
  36 orcs
  3 ball pythons
  17 goblins
  6 hobgoblins
  14 jackals
  A quokka (D:7)
  4 bats
  4 frilled lizards
  A jackal skeleton (D:4)
  3 kobolds
  A quokka zombie (D:5)
  7 rats
186 creatures vanquished.

Notes
Turn   | Place    | Note
-------+----------+-------------------------------------------
     0 | D:1      | nikopol the Deep Elf Fire Elementalist began the quest for the Orb.
     0 | D:1      | Reached XP level 1. HP: 10/10 MP: 6/6
    68 | D:1      | Reached XP level 2. HP: 15/15 MP: 2/8
   100 | D:1      | Learned a level 2 spell: Throw Flame
   858 | D:1      | Reached XP level 3. HP: 19/19 MP: 7/9
   863 | D:1      | Learned a level 3 spell: Conjure Flame
  1024 | D:2      | Upgraded the game from 0.22-a0-292-g0df9d5f to 0.22-a0-293-gc9362ec
  1838 | D:3      | Reached skill level 4 in Spellcasting
  1838 | D:3      | Reached XP level 4. HP: 24/24 MP: 4/12
  1980 | D:3      | Found a snail-covered altar of Cheibriados.
  2073 | D:3      | Reached skill level 5 in Fire Magic
  2129 | D:3      | Noticed Gildeon's ghost (weakling DgFi)
  2245 | D:2      | Learned a level 4 spell: Sticky Flame
  2298 | D:3      | Reached XP level 5. HP: 28/28 MP: 13/13
  2834 | D:4      | Noticed Dowan
  2838 | D:4      | Noticed Duvessa
  2856 | D:4      | Killed Duvessa
  2856 | D:4      | Reached skill level 5 in Spellcasting
  3025 | D:4      | Killed Dowan
  3025 | D:4      | Reached XP level 6. HP: 32/32 MP: 15/15
  3559 | D:5      | Entered Level 5 of the Dungeon
  3742 | D:5      | Found an iron altar of Okawaru.
  3851 | D:5      | Found a hazy altar of Hepliaklqana.
  4018 | D:5      | Learned a level 5 spell: Fireball
  4076 | D:5      | Found a radiant altar of Vehumet.
  4076 | D:5      | Found a burning altar of Makhleb.
  4082 | D:5      | Became a worshipper of Vehumet
  4150 | D:5      | Reached XP level 7. HP: 25/36 MP: 17/17
  4247 | D:5      | Reached skill level 6 in Spellcasting
  4575 | D:5      | Found a staircase to the Ecumenical Temple.
  4939 | D:6      | Reached skill level 5 in Conjurations
  5099 | D:6      | Reached skill level 7 in Spellcasting
  5099 | D:6      | Reached XP level 8. HP: 42/42 MP: 15/20
  5158 | D:6      | Reached * piety under Vehumet
  5158 | D:6      | Offered knowledge of Freeze by Vehumet.
  5868 | D:7      | Reached skill level 8 in Spellcasting
  5991 | D:7      | Got a translucent morningstar
  5992 | D:7      | Identified the cursed +1 morningstar of Pestilence {freeze, rF++ Str+4 Int-2 Stlth+} (You found it on level 7 of the Dungeon)
  6004 | D:7      | Noticed a hippogriff
  6010 | D:7      | Killed a hippogriff
  6210 | D:7      | Found an opulent altar of Gozag.
  6456 | D:7      | Reached skill level 9 in Spellcasting
  6456 | D:7      | Reached XP level 9. HP: 46/46 MP: 12/24
  6551 | D:7      | Found a sacrificial altar of Ru.
  6866 | D:8      | Offered knowledge of Sting by Vehumet.
  6871 | D:8      | Reached ** piety under Vehumet
  6885 | D:8      | Reached skill level 10 in Spellcasting
  7023 | D:8      | Found a flagged portal.
  7034 | Bailey   | Entered a bailey
  7168 | Bailey   | Noticed a kobold demonologist
  7205 | Bailey   | Noticed a kobold demonologist
  7223 | Bailey   | Noticed a sixfirhy
  7224 | Bailey   | Killed a kobold demonologist
  7224 | Bailey   | Reached skill level 1 in Fighting
  7327 | Bailey   | Offered knowledge of Throw Frost by Vehumet.
  7327 | Bailey   | Reached skill level 11 in Spellcasting
  7335 | Bailey   | Learned a level 2 spell: Throw Frost
  7464 | Bailey   | Killed a kobold demonologist
  7464 | Bailey   | Reached XP level 10. HP: 52/52 MP: 22/27
  7682 | Bailey   | Found an iron altar of Okawaru.
  7689 | Bailey   | Noticed an orc knight
  7702 | Bailey   | Killed an orc knight
  7922 | Bailey   | Reached *** piety under Vehumet
  7927 | Bailey   | Noticed a smoke demon
  7937 | Bailey   | Noticed a reaper
  7938 | Bailey   | Mangled by a reaper

Vault maps used:
D:1:      lightli_iron_boxes, minmay_misc_feat_plants, minivault_14
D:3:      cheibriados_altar_1
D:4:      uniq_duvessa
D:5:      grunt_temple_overflow_lords_of_destruction, kennysheep_little_box,
          temple_hall, first_ration, okawaru_gym_becter
D:7:      lemuel_doored_altar, old_standard_altar, grunt_livestock,
          hangedman_decor_points
D:8:      grunt_qazlal_clouds, enter_bailey_1, fedhas_bush_and_centaur_altar
Bailey:   bailey_axe_of_yendor_kennysheep, bailey

Skill      XL: |  1  2  3  4  5  6  7  8  9 |
---------------+----------------------------+-----
Fire Magic     | 4 5 6 8 9 |  9.8
Spellcasting   | 4 5 7 9 11 | 11.8
Conjurations   | 2 3 4 5 6 8 |  8.8
Dodging        | 3 |  3.5
Stealth        | 3 4 |  4.0
Fighting       | 1 |  1.2

Action                   |  1- 3 |  4- 6 |  7- 9 | 10-12 || total
-------------------------+-------+-------+-------+-------++-------
Melee: Unarmed           |     1 |       |       |       ||     1
       Dagger            |       |       |     1 |       ||     1
 Cast: Flame Tongue      |    72 |    90 |   182 |    33 ||   377
       Throw Flame       |     3 |    14 |    27 |     5 ||    49
       Conjure Flame     |       |     4 |    10 |     3 ||    17
       Sticky Flame      |       |     5 |     7 |     6 ||    18
       Fireball          |       |       |    21 |     3 ||    24
  Use: Scroll            |       |       |    11 |       ||    11
 Stab: Sleeping          |       |       |     1 |       ||     1
  Eat: Chunk             |     3 |    25 |    14 |     2 ||    44
Armor: Robe              |     3 |     8 |     1 |       ||    12
Dodge: Dodged            |    34 |    28 |    17 |     8 ||    87

Table legend:
 A = Spawn XP
 B = Non-spawn XP
 C = Spawn XP percentage of total XP
 D = Spawn monster count
 E = Non-spawn monster count
 F = Spawn count percentage of total count
 G = Total turns spent on level
                    A         B        C        D         E        F      G
               +---------+---------+-------+---------+---------+-------+---------
         Total |       0 |    6954 |   0.0 |       0 |     186 |   0.0 |  7938
               +---------+---------+-------+---------+---------+-------+---------
           D:1 |       0 |      57 |   0.0 |       0 |      26 |   0.0 |  1285
           D:2 |       0 |      30 |   0.0 |       0 |      13 |   0.0 |  1050
           D:3 |       0 |     115 |   0.0 |       0 |      22 |   0.0 |   654
           D:4 |       0 |     353 |   0.0 |       0 |      17 |   0.0 |   570
           D:5 |       0 |     419 |   0.0 |       0 |      13 |   0.0 |  1132
           D:6 |       0 |     890 |   0.0 |       0 |      27 |   0.0 |   991
           D:7 |       0 |    2041 |   0.0 |       0 |      22 |   0.0 |  1163
           D:8 |       0 |     355 |   0.0 |       0 |       6 |   0.0 |   189
        Bailey |       0 |    2694 |   0.0 |       0 |      40 |   0.0 |   904
               +---------+---------+-------+---------+---------+-------+---------
